 Dungeon Crawl Stone Soup version 0.31.0-9-g3a7656b989 (webtiles) character file.

Game seed: 1809620327379756360

23 EnegeticOcto the Ruffian (level 2, 29/29 HPs)
             Began as a Troll Monk on Jan 31, 2024.
             Quit the game on level 1 of the Dungeon.
             The game lasted 00:00:32 (582 turns).

EnegeticOcto the Ruffian (Troll Monk)                Turns: 582, Time: 00:00:33

Health: 29/29      AC:  4    Str: 18    XL:     2   Next: 75%
Magic:  1/1        EV: 10    Int:  6    God:
Gold:   36         SH:  0    Dex: 12    Spells: 1/1 levels left

rFire   . .          .
                       - Unarmed
rCold   . . .        c - orb {light}
rNeg    . . .        a - +0 robe
rPois   .            (helmet restricted)
rElec   .            d - scarf {repulsion}
rCorr   .            (gloves unavailable)
SInv    .            (boots unavailable)
Will    .....        (no amulet)
Stlth   +            (no ring)
HPRegen 1.04/turn    (no ring)
MPRegen 0.07/turn

%: repel missiles
@: glowing
A: large, unfitting armour, claws 3, regeneration 1, shaggy fur 1, tough skin 1
a: no special abilities


You were on level 1 of the Dungeon.
You visited 1 branch of the dungeon, and saw 1 of its levels.

You collected 36 gold pieces.

Inventory:

Armour
 a - a +0 robe (worn)
 c - an orb of light (worn)
 d - a scarf of repulsion (worn)
   (You found it on level 1 of the Dungeon)
Scrolls
 f - 2 scrolls of teleportation {unknown}
 g - a scroll of revelation {unknown}
Potions
 b - a potion of ambrosia
 e - a potion of curing {unknown}
 h - a potion of degeneration {unknown}


   Skills:
 + Level 2.6 Fighting
 + Level 2.6 Dodging
 * Level 3.6 Unarmed Combat


You had one spell level left.
You didn't know any spells.
Your spell library contained the following spells:

 Spells                   Type           Power      Damage    Failure   Level
 Call Canine Familiar     Summ           0%         N/A       83%         3
 Frozen Ramparts          Ice            0%         1d1       83%         3
 Sigil of Binding         Hex            0%         N/A       83%         3
 Dimensional Bullseye     Hex/Tloc       0%         N/A       99%         4
 Leda's Liquefaction      Alch/Erth      0%         N/A       99%         4
 Petrify                  Alch/Erth      0%         N/A       99%         4
 Metabolic Englaciation   Hex/Ice        0%         N/A       100%        5


Dungeon Overview and Level Annotations

Branches:
Dungeon (1/15) Zot: 5420

Altars:


Innate Abilities, Weirdness & Mutations

You are too large for most types of armour.
You have claws for hands.
Your natural rate of healing is unusually fast.
You are covered in fur. (AC +1)
You have tough skin. (AC +1)


Message History

A ball python comes into view.
There are monsters nearby!
There are monsters nearby!
You barely miss the hobgoblin.
The ball python hisses angrily.
The hobgoblin hits you but does no damage.
You claw the hobgoblin!
You kill the hobgoblin!
You claw the ball python!
You kill the ball python!
No target in view!
No target in view!
No target in view!
No target in view!
No target in view!
No target in view!
f - 2 scrolls labelled BIKIAN ZUUMO (gained 1)
There is an open door here.
An endoplasm comes into view.
Found a scroll labelled GOCWAW KUBE.
The endoplasm quivers.
An endoplasm is nearby!
An endoplasm is nearby!
The endoplasm freezes you.
You are frozen.
You claw the endoplasm!
You kill the endoplasm!
No target in view!
No target in view!
No target in view!
No target in view!
HP restored.
You now have 26 gold pieces (gained 10).
A frilled lizard comes into view.
The frilled lizard hisses angrily.
A frilled lizard is nearby!
A frilled lizard is nearby!
A frilled lizard is nearby!
You closely miss the frilled lizard. The frilled lizard barely misses you.
You claw the frilled lizard!
You kill the frilled lizard!
No target in view!
No target in view!
No target in view!
No target in view!
No target in view!
You see here a frilled lizard corpse.
g - a scroll labelled GOCWAW KUBE You open the door.
There is an open door here.
Found a stone staircase leading down.
You now have 36 gold pieces (gained 10).
A giant cockroach comes into view.
A giant cockroach is nearby!
You claw the giant cockroach!
You kill the giant cockroach!
No target in view!
No target in view!
No target in view!
No target in view!
No target in view!
There is an open door here.
You see here a frilled lizard corpse.
You open the door.
Found a faded altar of an unknown god.
There is an open door here.
You open the door.
There is an open door here.
A bat comes into view.
A bat is nearby!
A bat is nearby!
The bat hits you but does no damage. The bat closely misses you.
You closely miss the bat. The bat closely misses you.
The bat hits you but does no damage. x2
You barely miss the bat. The bat hits you but does no damage.
The bat hits you but does no damage.
The bat hits the plant.
The plant begins to die.
The bat hits you but does no damage.
There is a faded altar of an unknown god here.
You claw the bat!
You kill the bat!
No target in view!
No target in view!
No target in view!
No target in view!
A nearby plant withers and dies.
You open the door.
There is an open door here.
You open the door.
There is an open door here.
h - a pink potion
Press: ? - help, . - travel You can't see that place. [a faded altar of an unknown god.]
There is an open door here.
There is an open door here.
There is a faded altar of an unknown god here.
This altar belongs to (a) Elyvilon, (b) Makhleb or (c) Dithmenos, but you can't tell which.
Press the corresponding letter to learn more about a god, or press enter to convert or escape to cancel.
Okay, then.
Are you sure you want to abandon this character and quit the game? (Confirm with "yes".)

#.....†...........##.# #.....
#..........#..##.###.# #....#
#..................#.## #.##.#
####+###.....#######..####.##..
#.###..####.....#....#######
#.........#'###.#........##.
#####.###.#...#.#.##.###.###
#.# #####.#.#.##...#.... #.#
##.@..8P'.####.#....
#######._P####### #.†....
####.'.8....## ##.....
#....#.#.#### ##....
#.####.#P.P# #.#'#
####.####.###'# ####+#.#
#.......#P...P# #......#
####.##.####### #.......
#.##.......# #......#


There were no monsters in sight!

Vanquished Creatures
  3 bats (D:1)
  An endoplasm (D:1)
  2 giant cockroaches (D:1)
  3 hobgoblins (D:1)
  3 jackals (D:1)
  3 ball pythons (D:1)
  3 frilled lizards (D:1)
  A kobold (D:1)
  2 rats (D:1)
21 creatures vanquished.

Notes
Turn   | Place    | Note
-------+----------+-------------------------------------------
     0 | D:1      | EnegeticOcto the Troll Monk began the quest for the Orb.
     0 | D:1      | Reached XP level 1. HP: 22/22 MP: 0/0
   104 | D:1      | Reached XP level 2. HP: 29/29 MP: 1/1
   502 | D:1      | Found a faded altar of an unknown god.
   582 | D:1      | Quit the game

Illustrated notes

Levels and vault maps discovered:
D:1:      eino_arrival_tree_alley, layout_basic,
          shapermc_ecumenical_altar_ellora

Action                     || total
---------------------------++-------
  Melee: Unarmed           ||    33
 Armour: Robe              ||    19
  Dodge: Dodged            ||     9

Table legend:
 A = Kills in this place as a percentage of kills in the entire game.
 B = Kills by you in this place as a percentage of kills by you in the entire game.
 C = Kills by friends in this place as a percentage of kills by friends in the entire game.
 D = Other kills in this place as a percentage of other kills in the entire game.
 E = Experience gained in this place as a percentage of experience gained in the entire game.
 F = Experience gained in this place divided by the number of levels of this place that you have seen.
                   A       B       C       D       E      F
               +-------+-------+-------+-------+-------+----------------------
         Total | 100.0 | 100.0 |   N/A |   N/A | 100.0 |  34.0
       Dungeon | 100.0 | 100.0 |   N/A |   N/A | 100.0 |  34.0
               +-------+-------+-------+-------+-------+----------------------

Table legend: (Time is in decaauts)
 A = Elapsed time spent in this place.
 B = Non-inter-level travel time spent in this place.
 C = Inter-level travel time spent in this place.
 D = Time resting spent in this place.
 E = Time spent auto-exploring this place.
 F = Levels seen in this place.
 G = Mean time per level.
                   A        B        C        D        E       F      G
               +--------+--------+--------+--------+--------+-----+--------+
         Total |    580 |    555 |     25 |      0 |    451 |   1 |  580.0 |
       Dungeon |    580 |    555 |     25 |      0 |    451 |   1 |  580.0 |
               +--------+--------+--------+--------+--------+-----+--------+

Top non-repeatable levels by time:
     D:1: 580 daAuts
